 Dungeon Crawl Stone Soup version 0.27-a0-1281-ge233d83751 (webtiles) character file.

Game seed: 17533706803166096536

24365 AmberJLi the Cleaver (level 12, -3/115 HPs)
             Began as a Deep Dwarf Fighter on June 13, 2021.
             Was a High Priest of Okawaru.
             Slain by a dire elephant (16 damage)
             ... on level 4 of the Lair of Beasts.
             The game lasted 00:28:27 (4624 turns).

AmberJLi the Cleaver (Deep Dwarf Fighter)           Turns: 4624, Time: 00:28:28

Health: -3/115     AC: 19    Str: 24    XL:     12   Next: 80%
Magic:  4/5        EV:  5    Int: 10    God:    Okawaru [*****.]
Gold:   440        SH: 11    Dex: 12    Spells: 11/11 levels left

rFire    . . .     SeeInvis +   b - +8 mace of the Equator {vorpal, rElec rCorr}
rCold    . . .     Faith    .   c - +0 kite shield
rNeg     . . .     Spirit   .   d - +0 plate armour
rPois    .         Reflect  .   t - +0 helmet
rElec    +         Harm     .   n - +0 cloak
rCorr    +         Rampage  .   B - +2 pair of gloves
Will     +....                  (no boots)
Stlth    ..........             (no amulet)
HPRegen  0.00/turn              j - ring of see invisible
MPRegen  0.09/turn              (no ring)

@: no status effects
A: damage resistance, heal wounds, sense surroundings 2, no regeneration
a: Heal Wounds, Renounce Religion, Heroism, Finesse


You were on level 4 of the Lair of Beasts.
You worshipped Okawaru.
Okawaru was extremely pleased with you.
You visited 3 branches of the dungeon, and saw 18 of its levels.

You collected 440 gold pieces.

Inventory:

Hand Weapons
 a - the +10 hand axe of Frustration {flame, rC+ Dex+3 SInv}
   (You found it on level 4 of the Lair of Beasts)

   It has been specially enchanted to burn those struck by it, causing extra
   injury to most foes and up to half again as much damage against particularly
   susceptible opponents.
   Big, fiery blades are also staple armaments of hydra-hunters.
   It affects your dexterity (+3).
   It protects you from cold.
   It lets you see invisible.
 b - the +8 mace of the Equator (weapon) {vorpal, rElec rCorr}
   (You found it on level 11 of the Dungeon)

   It inflicts extra damage upon your enemies.
   It insulates you from electricity.
   It protects you from acid and corrosion.
 D - the +6 whip of Povoish {flame, *Noise +Blink SInv}
   (You found it on level 5 of the Dungeon)

   It has been specially enchanted to burn those struck by it, causing extra
   injury to most foes and up to half again as much damage against particularly
   susceptible opponents.
   It lets you see invisible.
   It lets you blink.
   It may make noises in combat.
 I - a +0 war axe
Missiles
 m - 2 throwing nets (quivered) {!f}
 z - 2 curare-tipped darts
 C - 43 poisoned darts
Armour
 c - a +0 kite shield (worn)
 d - a +0 plate armour (worn)
 h - a +1 scale mail
 n - a +0 cloak (worn)
 t - a +0 helmet (worn)
 B - a +2 pair of gloves (worn)
Jewellery
 j - a ring of see invisible (left hand)
 q - a ring of ice
 w - a ring of ice
Wands
 v - a wand of polymorph (2)
 F - a wand of flame (23)
Scrolls
 f - 3 scrolls of teleportation {!r}
 k - a scroll of fear {!r}
 l - 4 scrolls of blinking {!r}
 s - a scroll of enchant weapon {!r}
 u - a scroll of magic mapping {!r}
 A - a scroll of vulnerability {!r}
 E - a scroll of silence {!r}
Potions
 e - 2 potions of lignification {!q}
 g - 4 potions of flight {!q}
 i - 2 potions of curing {!q}
 o - a potion of cancellation {!q}
 p - a potion of mutation {!q}
 r - a potion of heal wounds {!q}
 x - 5 potions of degeneration {!q}
 G - a potion of berserk rage {!q}
 H - 2 potions of brilliance {!q, unknown}


   Skills:
 + Level 9.4 Fighting
 + Level 14.9(15.1) Axes
 - Level 3.8(10.0) Maces & Flails
 - Level 8.4 Armour
 - Level 8.1 Shields
 - Level 2.8 Invocations
 - Level 10.8 Evocations


You had 11 spell levels left.
You didn't know any spells.
Your spell library contained the following spells:

 Spells                   Type           Power      Damage    Failure   Level
 Animate Skeleton         Necr           0%         N/A       100%        1
 Apportation              Tloc           0%         N/A       100%        1
 Beastly Appendage        Tmut           0%         N/A       100%        1
 Corona                   Hex            0%         N/A       100%        1
 Sandblast                Erth           0%         2d4       100%        1
 Summon Small Mammal      Summ           0%         N/A       100%        1
 Passwall                 Tmut/Erth      0%         N/A       100%        2
 Wereblood                Tmut           0%         N/A       100%        2
 Spider Form              Tmut/Pois      0%         N/A       100%        3
 Stone Arrow              Conj/Erth      0%         3d7       100%        3
 Ice Form                 Ice/Tmut       0%         N/A       100%        4
 Petrify                  Tmut/Erth      0%         N/A       100%        4
 Lee's Rapid Deconstruct  Erth           0%         3d5*      100%        5


Dungeon Overview and Level Annotations

Branches:
Dungeon (11/15)            Temple (1/1) D:4            Lair (6/6) D:9
 Spider (0/4) Lair:3
  Swamp: Lair:2-4    Shoals: Lair:2-4     Slime: Lair:5-6       Orc: D:9-12

Altars:
Ashenzari
Cheibriados
Dithmenos
Kikubaaqudgha
Makhleb
Okawaru
Ru
Sif Muna
Wu Jian
Xom
Yredelemnul
Zin
The Shining One
Jiyva

Annotations:
D:10 exclusion: downstairs
Lair:3 3 runed translucent doors, angrypup's ghost, journeyman MiMo
Lair:4 exclusion: downstairs


Innate Abilities, Weirdness & Mutations

You are resistant to damage.
You can heal yourself by infusing magical energy.
You passively map the area around you.
You do not regenerate.


Message History

The eight-headed hydra is almost dead.
Unknown command.
Unknown command.
You hit the eight-headed hydra.
You kill the eight-headed hydra!
Okawaru is honoured by your kill.
You feel like a meek peon again.
Your Shields skill increases to level 8!
Unknown command.
Okay, then.
Aiming: Paralyse
Press: ? - help, Shift-Dir - straight line, f - dire elephant
Aim: a dire elephant (chance to affect: 11%)
The dire elephant resists with almost no effort.
The now-empty wand crumbles to dust.
The dire elephant tramples you!!
* * * LOW HITPOINT WARNING * * *
You hold your ground!
The dire elephant barely misses you.
Unknown command.
Unknown command.
You hit the dire elephant but do no damage.
The dire elephant tramples you!
* * * LOW HITPOINT WARNING * * *
You hold your ground!
You block the dire elephant's attack.
You hit the dire elephant.
The dire elephant is lightly wounded.
The dire elephant tramples you!!
* * * LOW HITPOINT WARNING * * *
You hold your ground!
The dire elephant trunk-slaps you but does no damage.
You sock the dire elephant!
The dire elephant is lightly wounded.
The dire elephant tramples you!
* * * LOW HITPOINT WARNING * * *
You hold your ground!
The dire elephant trunk-slaps you but does no damage.
You sock the dire elephant!
The dire elephant is lightly wounded.
A bullfrog comes into view.
The dire elephant tramples you!!
You die...

.<..# * , ,*
#......#.....
....# , ,
#..###.###...
..### ** , ,
*#.., #.# #...
....# * # ,
..###... #####
* * ## * ##
#.... ,*, #♣. ,
* ##.... * **
#.♣ ,* #P.... ,
, #.♣ #* *
#..... * *
#@♣♣♣.# ,,
#..... * ,*
#♣YFl♣ *
*##.... * ,
##♣+♣##♣lhF♣
,,, #.... *,,
,#..<..#.♣♣♣.#,
##... * ,
,+..8..'.♣ .F.
##... *
*,,#..>..#.♣ *
#... #P... * ,*
*##♣+♣##♣..
..$. ###.. * ,
, * * ...♣ *.$.
#... * * * ,
♣♣♣.# ?.* #P..


You could see a dire elephant, a komodo dragon, 2 blink frogs, a wyvern, a wolf
and a bullfrog.

Vanquished Creatures
  Kirke (Lair:5)
  Fannar (D:10)
  Harold (Lair:1)
  4 hydras
  3 death yaks (Lair:3)
  A necromancer (D:9)
  2 cyclopes
  An elephant (D:9)
  A manticore (D:11)
  A black mamba (Lair:5)
  A torpor snail (Lair:4)
  7 cane toads
  2 gargoyles
  5 komodo dragons
  A hornet (D:9)
  A polar bear (Lair:3)
  5 blink frogs (Lair:4)
  A shadow (D:11)
  2 wyverns
  4 wraiths
  19 yaks
  A hog (Lair:5)
  3 basilisks
  3 steam dragons
  4 vampire mosquitoes (D:11)
  Duvessa (D:6)
  5 water moccasins
  2 orc warriors
  An ice beast (D:7)
  4 black bears
  A boggart (D:10)
  8 centaurs
  4 kobold brigands
  5 bullfrogs
  A wyvern zombie (D:8)
  Dowan (D:6)
  A gnoll sergeant (D:10)
  A scorpion (Lair:4)
  3 howler monkeys
  A centaur zombie (D:10)
  4 orc priests
  2 hounds
  A gnoll shaman (D:6)
  3 centaur skeletons
  A bullfrog skeleton (D:6)
  An iguana (D:5)
  9 orc wizards
  4 polar bear simulacra (D:9)
  A yak simulacrum (D:9)
  4 wolf simulacra (D:9)
  A howler monkey zombie (D:10)
  6 gnolls
  A river rat (D:10)
  4 adders
  An ufetubus (D:6)
  A worm (D:2)
  A dart slug (D:4)
  25 orcs
  2 ball pythons (D:4)
  3 endoplasms (D:2)
  2 giant cockroaches (D:2)
  A hobgoblin (D:2)
  2 jackals (D:2)
  9 kobolds
  2 river rat simulacra (D:9)
205 creatures vanquished.

Vanquished Creatures (others)
  A human (Lair:5)
  A yak (Lair:5)
  An orc wizard (D:9)
  3 orcs
  10 fungi
  13 plants
29 creatures vanquished.

Grand Total: 234 creatures vanquished

Notes
Turn   | Place    | Note
-------+----------+-------------------------------------------
     0 | D:1      | AmberJLi the Deep Dwarf Fighter began the quest for the
                  | Orb.
     0 | D:1      | Reached XP level 1. HP: 20/20 MP: 1/1
   102 | D:2      | Reached skill level 3 in Axes
   102 | D:2      | Reached XP level 2. HP: 22/27 MP: 2/2
   352 | D:4      | Reached skill level 4 in Axes
   352 | D:4      | Reached XP level 3. HP: 28/33 MP: 3/3
   379 | D:4      | Found a staircase to the Ecumenical Temple.
   389 | D:4      | Noticed a bullfrog
   391 | Temple   | Entered the Ecumenical Temple
   416 | Temple   | Became a worshipper of Warmaster Okawaru
   452 | D:4      | Killed a bullfrog
   453 | D:4      | Reached skill level 5 in Axes
   453 | D:4      | Reached XP level 4. HP: 13/40 MP: 4/4
   462 | D:4      | Reached * piety under Okawaru
   463 | D:4      | Reached skill level 6 in Axes
   463 | D:4      | Reached XP level 5. HP: 39/46 MP: 5/5
   463 | D:4      | Noticed a black bear
   473 | D:4      | Killed a black bear
   567 | D:4      | Reached XP level 6. HP: 43/55 MP: 6/6
   598 | D:5      | Entered Level 5 of the Dungeon
   599 | D:5      | Identified the +6 whip of Povoish {flame, *Noise +Blink
                  | SInv}
   607 | D:5      | Reached skill level 7 in Axes
   607 | D:5      | Reached skill level 1 in Invocations
   673 | D:5      | Reached skill level 1 in Maces & Flails
   714 | D:5      | Reached ** piety under Okawaru
   715 | D:5      | Reached XP level 7. HP: 52/61 MP: 9/9
   877 | D:6      | Noticed a wyvern
   884 | D:6      | Killed a wyvern
  1030 | D:6      | Reached skill level 8 in Axes
  1110 | D:6      | Noticed Duvessa
  1117 | D:6      | Noticed Dowan
  1120 | D:6      | Killed Duvessa
  1121 | D:6      | Reached skill level 5 in Armour
  1121 | D:6      | Reached XP level 8. HP: 39/68 MP: 8/10
  1130 | D:6      | Killed Dowan
  1199 | D:6      | Noticed a cyclops
  1235 | D:6      | Killed a cyclops
  1236 | D:6      | Reached skill level 9 in Axes
  1472 | D:7      | Found a glowing golden altar of the Shining One.
  1486 | D:7      | Reached *** piety under Okawaru
  1579 | D:8      | Gained mutation: You passively map the area around you.
                  | [Deep Dwarf growth]
  1579 | D:8      | Reached XP level 9. HP: 41/74 MP: 10/10
  1634 | D:9      | Noticed a necromancer
  1648 | D:9      | Reached skill level 10 in Axes
  1657 | D:9      | Killed a necromancer
  1885 | D:9      | Reached skill level 1 in Evocations
  1981 | D:10     | Entered Level 10 of the Dungeon
  1981 | D:10     | Noticed Fannar
  2074 | D:10     | Killed Fannar
  2074 | D:10     | Reached **** piety under Okawaru
  2075 | D:10     | Reached skill level 5 in Fighting
  2075 | D:10     | Reached XP level 10. HP: 71/88 MP: 9/9
  2099 | D:11     | Noticed a four-headed hydra
  2215 | D:10     | Noticed a gargoyle
  2243 | D:10     | Killed a gargoyle
  2263 | D:10     | Reached ***** piety under Okawaru
  2264 | D:10     | Reached skill level 11 in Axes
  2428 | D:11     | Noticed a cyclops
  2468 | D:11     | Killed a cyclops
  2468 | D:11     | Received a gift from Okawaru
  2562 | D:11     | Noticed a manticore
  2572 | D:11     | Killed a manticore
  2590 | D:11     | Killed a four-headed hydra
  2591 | D:11     | Reached skill level 12 in Axes
  2596 | D:11     | Noticed a gargoyle
  2651 | D:11     | Killed a gargoyle
  2660 | D:11     | Reached XP level 11. HP: 87/103 MP: 2/9
  2768 | D:11     | Identified the +8 mace of the Equator {vorpal, rElec rCorr}
  2778 | D:11     | Found a broken altar of Ashenzari.
  2981 | D:9      | Paralysed by a hornet for 3 turns
  2992 | D:9      | Paralysed by a hornet for 2 turns
  3061 | D:9      | Found a staircase to the Lair.
  3093 | Lair:1   | Entered Level 1 of the Lair of Beasts
  3168 | Lair:1   | Reached skill level 13 in Axes
  3217 | Lair:1   | Noticed Harold
  3246 | Lair:1   | Killed Harold
  3614 | Lair:4   | Found a snail-covered altar of Cheibriados.
  3625 | Lair:4   | Noticed a five-headed hydra
  3631 | Lair:4   | Killed a five-headed hydra
  3768 | Lair:4   | Noticed a five-headed hydra
  3781 | Lair:4   | Killed a five-headed hydra
  3782 | Lair:4   | Reached skill level 5 in Shields
  3813 | Lair:4   | Identified the +7 scimitar "Codwol" {vorpal, rPois Will-
                  | rCorr Int+3}
  3870 | Lair:3   | Reached XP level 12. HP: 75/115 MP: 8/8
  3949 | Lair:3   | Reached skill level 14 in Axes
  4061 | Lair:3   | Noticed a death yak
  4062 | Lair:3   | Noticed a death yak
  4063 | Lair:3   | Noticed a death yak
  4087 | Lair:3   | Killed a death yak
  4104 | Lair:3   | Killed a death yak
  4117 | Lair:3   | Killed a death yak
  4167 | Lair:3   | Found a runed translucent gate.
  4168 | Lair:3   | Found a runed translucent gate.
  4172 | Lair:3   | Found a runed translucent gate.
  4173 | Lair:3   | Noticed a quicksilver ooze
  4174 | Lair:3   | Noticed angrypup's ghost (journeyman MiMo)
  4183 | Lair:3   | Found a viscous altar of Jiyva.
  4207 | Lair:3   | Found a hole to the Spider Nest.
  4210 | Lair:3   | Spide
  4299 | Lair:6   | Entered Level 6 of the Lair of Beasts
  4343 | Lair:5   | Noticed Kirke
  4371 | Lair:5   | Noticed a sphinx
  4378 | Lair:5   | Killed Kirke
  4379 | Lair:5   | Reached skill level 10 in Evocations
  4496 | Lair:5   | Noticed Josephine
  4505 | Lair:5   | Noticed Josephine
  4505 | Lair:5   | Josephine changed into Josephine the komodo dragon
  4520 | Lair:5   | Killed Josephine the komodo dragon
  4596 | Lair:4   | Noticed a dire elephant
  4597 | Lair:4   | Noticed an eight-headed hydra
  4598 | Lair:4   | Identified the +10 hand axe of Frustration {flame, rC+
                  | Dex+3 SInv}
  4617 | Lair:4   | Killed an eight-headed hydra
  4624 | Lair:4   | Slain by a dire elephant

Illustrated notes

.## , ,
#...###..+J.. ## , ,
#..## ...+... # *,
####..# ##..#(.. ***
##* #####.#..##
*.#.##.. ...
P#.#...######...###
, ,,....
+.#.......... ... *
,
.....#.#.........#,
* #,
.................#,*
, ###.#
....^^.@.......### *
....#
^^.^.^^.^.......#
...# ,
^.^^.^......#### * ,
..^^^^..^.### ## *
^......^^..# , .## *
^..>..^..## * #.#*
^.^..^.^.# * * .##
.^.^^.^... * * ,
.+.., , ^^,^, ,, ,,
,


Turn 4210 on Lair:3: Spide

Levels and vault maps discovered:
D:1:      dpeg_arrival_line_fractal, layout_basic,
          ebering_ecumenical_altar_webs, minmay_misc_feat_secret_circle
D:2:      layout_basic, minivault_11, minmay_misc_feat_hallway,
          kennysheep_decorative_pillar, kennysheep_nondescript
D:3:      layout_loops_corners, serial_shops, shop
D:4:      layout_layer_cave, minmay_temple_entry_stoned_glass
D:5:      layout_rooms
D:6:      nicolae_whirlpool, layout_basic, uniq_duvessa
D:7:      layout_basic, nicolae_overflow_crystal_walls
D:8:      layout_basic, special_room [special_room_orc], minmay_holes
D:9:      minmay_spotlight, layout_cave_pools, david_lair_generic, minivault_4,
          eino_house_with_fridge
D:10:     layout_basic, uniq_fannar
D:11:     layout_basic, ashenzari_altar_1
Temple:   regret_index_temple_sigil_plot
Lair:1:   layout_big_grid, eino_small_chamber_without_monster, uniq_harold
Lair:2:   layout_cave_pods, minmay_swamp_entry_worms, uniq_sonja, uniq_gastronok
Lair:3:   layout_roguey, spider_nest_entry_web_field, gammafunk_ghost_ooze
Lair:4:   nzn_winding_woodlands_stair_cross [nzn_winding_woodlands_5x15_default,
          nzn_winding_woodlands_center_diamonds,
          nzn_winding_woodlands_5x15_twine,
          nzn_winding_woodlands_5x5_checkerboard,
          nzn_winding_woodlands_5x5_cross, nzn_winding_woodlands_5x15_zeroes,
          nzn_winding_woodlands_center_garden,
          nzn_winding_woodlands_5x15_jagged], layout_gridlike,
          kennysheep_snail_temple
Lair:5:   layout_cave_pods, infiniplex_staircase_pool, uniq_kirke,
          uniq_josephine
Lair:6:   hangedman_lair_in_review, layout_hall_layers,
          hangedman_lair_caniforms_friends, nicolae_slime_entry_slimehenge,
          dpeg_oklob_1, infiniplex_staircase_pool_2, lemuel_fruit_tree,
          serial_bayou_shore_a

Skill      XL: |  1  2  3  4  5  6  7  8  9 10 11 12 |
---------------+-------------------------------------+-----
Axes           | 3 4 5 6 7 8 9 10 12 13 14 | 14.9
Invocations    | 2 |  2.8
Maces & Flails | 2 3 |  3.8
Armour         | 5 7 8 |  8.4
Evocations     | 6 8 10 | 10.8
Fighting       | 5 7 9 |  9.4
Shields        | 5 8 |  8.1

Action                   |  1- 3 |  4- 6 |  7- 9 | 10-12 || total
-------------------------+-------+-------+-------+-------++-------
Melee: War axe           |    59 |    16 |    37 |    11 ||   123
       Whip              |       |    35 |   222 |   224 ||   481
       Mace              |       |       |       |   383 ||   383
Throw: Dart              |       |     3 |    15 |     6 ||    24
       Javelin           |       |       |       |     2 ||     2
       Throwing net      |       |       |       |     4 ||     4
Invok: Heroism           |       |     1 |    18 |    39 ||    58
       Finesse           |       |       |       |     3 ||     3
 Abil: Heal Wounds       |     1 |     2 |    14 |    24 ||    41
Evoke: Wand              |       |       |    10 |    23 ||    33
  Use: Scroll            |     2 |       |    10 |    10 ||    22
       Potion            |       |     1 |       |     2 ||     3
 Stab: Held in net/web   |       |       |       |     3 ||     3
       Petrified         |       |       |       |     2 ||     2
       Petrifying        |       |       |       |     1 ||     1
Armor: Scale mail        |    33 |    21 |    52 |       ||   106
       Plate armour      |       |       |    31 |   274 ||   305
Dodge: Dodged            |    32 |    10 |    55 |   144 ||   241
Block: Kite shield       |    41 |    38 |   113 |   258 ||   450

Table legend: (Time is in decaauts)
 A = Elapsed time spent in this place.
 B = Non-inter-level travel time spent in this place.
 C = Inter-level travel time spent in this place.
 D = Time resting spent in this place.
 E = Time spent auto-exploring this place.
 F = Levels seen in this place.
 G = Mean time per level.
                   A        B        C        D        E       F      G
               +--------+--------+--------+--------+--------+-----+--------+
         Total |   4505 |   4396 |    109 |    180 |      0 |  18 |  250.3 |
       Dungeon |   2944 |   2898 |     46 |    169 |      0 |  11 |  267.6 |
        Temple |     49 |     25 |     24 |      0 |      0 |   1 |   49.0 |
          Lair |   1511 |   1472 |     39 |     11 |      0 |   6 |  251.8 |
               +--------+--------+--------+--------+--------+-----+--------+

Top non-repeatable levels by time:
     D:6: 619 daAuts
     D:9: 542 daAuts
    D:10: 438 daAuts
  Lair:4: 415 daAuts
  Lair:3: 384 daAuts
    D:11: 379 daAuts
  Lair:1: 348 daAuts
  Lair:5: 322 daAuts
     D:2: 322 daAuts
     D:5: 235 daAuts
     D:4: 233 daAuts
     D:8: 82 daAuts
     D:7: 59 daAuts
  Temple: 49 daAuts
  Lair:2: 38 daAuts
